 Dungeon Crawl Stone Soup version 0.29-a0-289-g2178c42546 (console) character file.

Game seed: 4336411296292294887

146 Ignak the Grave Robber (level 5, -1/37 HPs)
             Began as a Gnoll Necromancer on Mar 17, 2022.
             Succumbed to a scorpion's poison
             ... on level 4 of the Dungeon.
             The game lasted 00:04:50 (3744 turns).

Ignak the Grave Robber (Gnoll Necromancer)          Turns: 3744, Time: 00:04:50

Health: -1/37      AC:  5    Str:  5 (7)  XL:     5   Next: 28%
Magic:  12/12      EV: 12    Int: 16 (17) God:
Gold:   170        SH:  5    Dex: 12      Spells: 9/14 levels left

rFire   . . .      SeeInvis .   g - +0 war axe
rCold   . . .      Faith    .   (no shield)
rNeg    . . .      Spirit   .   k - +0 leather armour
rPois   .          Reflect  +   (no helmet)
rElec   .          Harm     .   (no cloak)
rCorr   .          Rampage  .   l - +1 pair of gloves
Will    .....                   (no boots)
Stlth   ++........              e - amulet of reflection
HPRegen 0.12/turn               (no ring)
MPRegen 0.13/turn               (no ring)

@: lethally poisoned (-1 -> -13), hasted, very quick
A: fangs 1, strong nose, distributed training
a: no special abilities


You were on level 4 of the Dungeon.
You visited 1 branch of the dungeon, and saw 4 of its levels.

You collected 170 gold pieces.

Inventory:

Hand Weapons
 g - a +0 war axe (weapon)
Missiles
 f - 21 poisoned darts (quivered)
Armour
 k - a +0 leather armour (worn)
 l - a +1 pair of gloves (worn)
Jewellery
 e - an amulet of reflection (around neck)
 h - a ring of ice
Wands
 m - a wand of paralysis (4)
Scrolls
 a - 2 scrolls of silence
 c - 3 scrolls of identify
 d - 2 scrolls of teleportation
 o - a scroll of enchant weapon {unknown}
Potions
 b - a potion of magic
 i - a potion of attraction
 n - a potion of ambrosia {unknown}


   Skills:
 + Level 1.4 Fighting
 + Level 1.4 Short Blades
 + Level 1.4 Long Blades
 + Level 1.4 Axes
 + Level 1.4 Maces & Flails
 + Level 1.4 Polearms
 + Level 1.4 Staves
 + Level 1.4 Slings
 + Level 1.4 Bows
 + Level 1.4 Crossbows
 + Level 1.4 Throwing
 + Level 1.4 Armour
 + Level 4.7 Dodging
 + Level 4.4 Stealth
 + Level 1.4 Shields
 + Level 1.4 Unarmed Combat
 + Level 5.2 Spellcasting
 + Level 1.1 Conjurations
 + Level 1.1 Hexes
 + Level 1.1 Summonings
 + Level 7.2 Necromancy
 + Level 1.1 Translocations
 + Level 1.1 Transmutations
 + Level 1.1 Fire Magic
 + Level 1.1 Ice Magic
 + Level 1.1 Air Magic
 + Level 1.1 Earth Magic
 + Level 1.1 Poison Magic
 + Level 1.6 Invocations
 + Level 1.4 Evocations


You had 9 spell levels left.
You knew the following spells:

 Your Spells              Type           Power      Damage    Failure   Level
a - Pain                  Necr           100%       1d9       1%          1
c - Vampiric Draining     Necr           27%        2d7       3%          3
z - Beastly Appendage     Tmut           14%        N/A       16%         1

Your spell library contained the following spells:

 Spells                   Type           Power      Damage    Failure   Level
 Animate Skeleton         Necr           54%        N/A       1%          1
 Animate Dead             Necr           13%        N/A       12%         4
 Apportation              Tloc           14%        N/A       16%         1
 Foxfire                  Conj/Fire      28%        2x1d5     16%         1
 Summon Small Mammal      Summ           28%        N/A       16%         1
 Wereblood                Tmut           7%         N/A       22%         2
 Agony                    Necr           27%        N/A       34%         5
 Call Canine Familiar     Summ           7%         N/A       41%         3
 Conjure Flame            Conj/Fire      7%         6-21      41%         3
 Inner Flame              Hex/Fire       7%         N/A       41%         3
 Spider Form              Tmut/Pois      7%         N/A       41%         3
 Summon Guardian Golem    Hex/Summ       7%         N/A       41%         3
 Flame Wave               Conj/Fire      7%         2d5       83%         4
 Alistair's Intoxication  Tmut/Pois      4%         N/A       99%         5


Dungeon Overview and Level Annotations

Branches:
Dungeon (4/15)
 Temple: D:4-7

Altars:
Hepliaklqana


Innate Abilities, Weirdness & Mutations

You have very sharp teeth.
Your uncanny sense of smell can sniff out nearby items.
Your experience applies equally to all skills.


Message History

The scorpion misses you. The scorpion stings you.
You are poisoned.
The scorpion poisons you!
Your magical contamination has completely faded away.
You hit the scorpion but do no damage. You claw the scorpion.
Your headbutt misses the scorpion.
The scorpion is heavily wounded.
Your transformation is almost over.
You feel very sick. The scorpion barely misses you. x2
You hit the scorpion.
You claw the scorpion, but do no damage.
Your headbutt misses the scorpion.
You bite the scorpion, but do no damage.
The scorpion is severely wounded.
You feel very sick. The scorpion misses you. The scorpion closely misses you.
You hit the scorpion. Your kick misses the scorpion.
Your headbutt misses the scorpion.
The scorpion is severely wounded.
You feel sick. You block the scorpion's attack.
You hit the scorpion. Your kick misses the scorpion.
Your headbutt misses the scorpion.
The scorpion is almost dead.
You feel sick. The scorpion stings you. The scorpion closely misses you.
You barely miss the scorpion. Your kick misses the scorpion.
The scorpion is almost dead.
You feel sick. The scorpion stings you.
* * * LOW HITPOINT WARNING * * *
You are lethally poisoned!
The scorpion poisons you! You block the scorpion's attack.
You hit the scorpion.
You kill the scorpion!
* * * LOW HITPOINT WARNING * * *
You feel very sick.
You feel your strength returning.
You feel your dexterity returning.
You have reached level 5!
It was a potion of haste.
You feel yourself speed up.
Your horns disappear.
Your talons disappear.
You die...

...##.#...#....#....#
#.#<###
..........#####....#
#.##### ....###<
......#...... .... ##
#....####### .#. # #
∆ # ################
# .......@.......# #
###....#.......# ∆ #
#....#.......# #
#....#.......# #
#....#####.### #
#..(. #.# # #####
#.#### # #...[# #
####.# #


There were no monsters in sight!

Vanquished Creatures
  A scorpion (D:4)
  A gnoll (D:3)
  An adder (D:2)
  An ufetubus (D:4)
  5 dart slugs
  2 orcs
  6 endoplasms
  4 giant cockroaches
  7 goblins
  2 hobgoblins (D:2)
  3 jackals (D:3)
  3 quokkas
  4 ball pythons
  3 bats
  2 frilled lizards
  6 kobolds
  A rat (D:2)
52 creatures vanquished.

Notes
Turn   | Place    | Note
-------+----------+-------------------------------------------
     0 | D:1      | Ignak the Gnoll Necromancer began the quest for the Orb.
     0 | D:1      | Reached XP level 1. HP: 13/13 MP: 6/6
    19 | D:1      | Found a faded altar of an unknown god.
   562 | D:1      | Reached XP level 2. HP: 16/19 MP: 4/7
  1496 | D:2      | Reached XP level 3. HP: 23/25 MP: 6/9
  1684 | D:2      | Reached skill level 5 in Spellcasting
  2033 | D:2      | Reached skill level 1 in Invocations
  2051 | D:2      | Reached skill level 1 in Fighting
  2051 | D:2      | Reached skill level 1 in Short Blades
  2051 | D:2      | Reached skill level 1 in Long Blades
  2051 | D:2      | Reached skill level 1 in Axes
  2051 | D:2      | Reached skill level 1 in Maces & Flails
  2051 | D:2      | Reached skill level 1 in Polearms
  2051 | D:2      | Reached skill level 1 in Staves
  2051 | D:2      | Reached skill level 1 in Slings
  2051 | D:2      | Reached skill level 1 in Bows
  2051 | D:2      | Reached skill level 1 in Crossbows
  2051 | D:2      | Reached skill level 1 in Throwing
  2051 | D:2      | Reached skill level 1 in Armour
  2051 | D:2      | Reached skill level 1 in Shields
  2051 | D:2      | Reached skill level 1 in Unarmed Combat
  2051 | D:2      | Reached skill level 1 in Evocations
  2503 | D:3      | Reached XP level 4. HP: 27/32 MP: 6/11
  2507 | D:3      | Learned a level 3 spell: Vampiric Draining
  2509 | D:3      | Learned a level 1 spell: Beastly Appendage
  2683 | D:3      | Found a hazy altar of Hepliaklqana.
  3381 | D:4      | Reached skill level 1 in Conjurations
  3381 | D:4      | Reached skill level 1 in Hexes
  3381 | D:4      | Reached skill level 1 in Summonings
  3381 | D:4      | Reached skill level 1 in Translocations
  3381 | D:4      | Reached skill level 1 in Transmutations
  3381 | D:4      | Reached skill level 1 in Fire Magic
  3381 | D:4      | Reached skill level 1 in Ice Magic
  3381 | D:4      | Reached skill level 1 in Air Magic
  3381 | D:4      | Reached skill level 1 in Earth Magic
  3381 | D:4      | Reached skill level 1 in Poison Magic
  3730 | D:4      | Noticed a scorpion
  3743 | D:4      | Killed a scorpion
  3744 | D:4      | Reached XP level 5. HP: 2/37 MP: 12/12
  3744 | D:4      | Succumbed to a scorpion's poison

Illustrated notes

Levels and vault maps discovered:
D:1:      minmay_arrival_stair_chambers, layout_rooms,
          hellmonk_ecumenical_altar_run_dry
D:2:      layout_basic, minmay_split_cup_small
D:3:      layout_loops_ring, nicolae_hepliaklqana_hippocampus, minmay_cut_off
D:4:      layout_basic, uniq_pikel

Skill      XL: |  1  2  3  4 |
---------------+-------------+-----
Spellcasting   | 5 |  5.2
Invocations    | 1 |  1.6
Fighting       | 1 |  1.4
Short Blades   | 1 |  1.4
Long Blades    | 1 |  1.4
Axes           | 1 |  1.4
Maces & Flails | 1 |  1.4
Polearms       | 1 |  1.4
Staves         | 1 |  1.4
Slings         | 1 |  1.4
Bows           | 1 |  1.4
Crossbows      | 1 |  1.4
Throwing       | 1 |  1.4
Armour         | 1 |  1.4
Shields        | 1 |  1.4
Unarmed Combat | 1 |  1.4
Evocations     | 1 |  1.4
Conjurations   | 1 |  1.1
Hexes          | 1 |  1.1
Summonings     | 1 |  1.1
Translocations | 1 |  1.1
Transmutations | 1 |  1.1
Fire Magic     | 1 |  1.1
Ice Magic      | 1 |  1.1
Air Magic      | 1 |  1.1
Earth Magic    | 1 |  1.1
Poison Magic   | 1 |  1.1
Dodging        | |  4.7
Stealth        | |  4.4
Necromancy     | |  7.2

Action                   |  1- 3 |  4- 6 || total
-------------------------+-------+-------++-------
Melee: Unarmed           |     3 |       ||     3
       War axe           |     9 |    59 ||    68
       Mace              |     1 |       ||     1
       Kick              |       |     6 ||     6
       Bite              |       |     6 ||     6
       Headbutt          |       |     1 ||     1
       Punch             |       |     1 ||     1
 Cast: Pain              |    53 |       ||    53
       Beastly Appendage |       |    11 ||    11
  Use: Potion            |     4 |     1 ||     5
       Scroll            |     2 |       ||     2
 Stab: Sleeping          |     2 |     5 ||     7
Armor: Robe              |     2 |       ||     2
       Leather armour    |     2 |    17 ||    19
Dodge: Dodged            |    21 |    58 ||    79
Block: Other             |       |    22 ||    22
       Reflection        |       |     1 ||     1

Table legend: (Time is in decaauts)
 A = Elapsed time spent in this place.
 B = Non-inter-level travel time spent in this place.
 C = Inter-level travel time spent in this place.
 D = Time resting spent in this place.
 E = Time spent auto-exploring this place.
 F = Levels seen in this place.
 G = Mean time per level.
                   A        B        C        D        E       F      G
               +--------+--------+--------+--------+--------+-----+--------+
         Total |   3773 |   3739 |     34 |   1086 |   1956 |   4 |  943.2 |
       Dungeon |   3773 |   3739 |     34 |   1086 |   1956 |   4 |  943.2 |
               +--------+--------+--------+--------+--------+-----+--------+

Top non-repeatable levels by time:
     D:1: 1391 daAuts
     D:2: 1092 daAuts
     D:3: 883 daAuts
     D:4: 405 daAuts
